 Dungeon Crawl Stone Soup version 0.29.1-13-g9f3cf754e1 (webtiles) character file.

Game seed: 18387916296599750251

266 rddays123 the Trooper (level 6, 0/57 HPs)
             Began as a Minotaur Fighter on Jan 24, 2023.
             Slain by a phantom (3 damage)
             ... on level 4 of the Dungeon.
             The game lasted 00:04:43 (2602 turns).

rddays123 the Trooper (Minotaur Fighter)            Turns: 2602, Time: 00:04:43

Health: 0/57       AC:  8    Str: 22    XL:     6   Next: 0%
Magic:  0/5        EV:  9    Int:  5    God:
Gold:   184        SH:  4    Dex: 10    Spells: 5/5 levels left

rFire   . . .      SeeInvis .   a - +0 war axe
rCold   . . .      Faith    .   c - +0 buckler
rNeg    . . .      Spirit   +   b - +0 scale mail
rPois   .          Reflect  .   (helmet restricted)
rElec   .          Harm     .   p - +0 cloak
rCorr   .          Rampage  .   (no gloves)
Will    .....                   (no boots)
Stlth   ..........              j - amulet of guardian spirit
HPRegen 0.19/turn               (no ring)
MPRegen 0.09/turn               (no ring)

@: no status effects
A: horns 2, retaliatory headbutt
a: no special abilities


You were on level 4 of the Dungeon.
You visited 1 branch of the dungeon, and saw 4 of its levels.

You collected 184 gold pieces.

Inventory:

Hand Weapons
 a - a +0 war axe (weapon)
Armour
 b - a +0 scale mail (worn)
 c - a +0 buckler (worn)
 p - a +0 cloak (worn)
Jewellery
 i - an amulet of magic regeneration
 j - an amulet of guardian spirit (around neck)
Scrolls
 h - 2 scrolls of torment {unknown}
 k - a scroll of amnesia {unknown}
 q - a scroll of fear {unknown}
Potions
 d - a potion of might
 e - a potion of lignification {unknown}
 f - a potion of attraction {unknown}
 g - 3 potions of flight {unknown}
 l - 3 potions of cancellation {unknown}
 m - a potion of ambrosia {unknown}
 n - a potion of brilliance {unknown}
 o - a potion of heal wounds {unknown}


   Skills:
 + Level 6.2 Fighting
 + Level 5.5 Axes
 - Level 3.7 Armour
 - Level 3.7 Shields


You had 5 spell levels left.
You didn't know any spells.
Your spell library was empty.

Dungeon Overview and Level Annotations

Branches:
Dungeon (4/15)
 Temple: D:4-7

Altars:
Sif Muna

Shops:
D:1 *

Annotations:
D:4 Duvessa


Innate Abilities, Weirdness & Mutations

You have a pair of horns on your head.
You reflexively headbutt those who attack you in melee.


Message History

You kill the orc!
Duvessa closely misses you.
The phantom hits you but does no damage.
The gnoll barely misses you. Duvessa misses you.
You barely miss Duvessa.
Duvessa is moderately wounded.
You hit the phantom. Duvessa barely misses you. You block the phantom's attack.
The gnoll hits you from afar with a +0 halberd!
You block Duvessa's attack.
You slash Duvessa! You headbutt Duvessa.
Duvessa is heavily wounded.
You hit the phantom. You slash the orc!
You kill the orc!
Duvessa hits you with a +0 short sword!
The gnoll hits you from afar with a +0 halberd!
The phantom hits you.
The phantom blinks!
You blink.
The phantom hits you.
You have reached level 6!
The phantom hits you. The phantom attacks as you move away!
The phantom hits you.
* * * LOW HITPOINT WARNING * * *
A ball python comes into view.
The ball python hisses angrily.
The phantom hits you.
* * * LOW HITPOINT WARNING * * *
The gnoll closely misses you. Duvessa barely misses you.
You block the gnoll's attack. Duvessa hits you with a +0 short sword.
* * * LOW HITPOINT WARNING * * *
The orc barely misses you.
You barely miss the ball python. You hit Duvessa. You hit the orc.
You hit the phantom. Duvessa hits you with a +0 short sword.
* * * LOW HITPOINT WARNING * * *
The ball python closely misses you. The ball python barely misses you.
Duvessa hits you with a +0 short sword.
* * * LOW HITPOINT WARNING * * *
The ball python completely misses you. You furiously retaliate!
You headbutt the ball python.
You kill the ball python!
The phantom hits you.
You die...

.......
###..............
###................
###..................
###....................
##......................
#.......................
......gWe...............
.......@ogg.)).......†.)
......†.o........######.
......<.....)....#≈≈≈≈#)
.................#≈._≈'.
.................#≈.>≈'.
.................#≈≈≈≈#.
.................######.
........................
...................


You could see Duvessa (berserk), a phantom, 3 gnolls and 2 orcs.

Vanquished Creatures
  A phantom (D:3)
  Dowan (D:4)
  4 gnolls (D:4)
  2 adders (D:3)
  2 dart slugs
  2 orcs (D:4)
  11 ball pythons
  8 endoplasms
  8 giant cockroaches
  5 goblins
  11 hobgoblins
  4 jackals
  3 quokkas
  2 bats
  5 frilled lizards
  6 kobolds
  7 rats
82 creatures vanquished.

Notes
Turn   | Place    | Note
-------+----------+-------------------------------------------
     0 | D:1      | rddays123 the Minotaur Fighter began the quest for the Orb.
     0 | D:1      | Reached XP level 1. HP: 19/19 MP: 0/0
   117 | D:1      | Found Tetos's General Store.
   125 | D:1      | Reached XP level 2. HP: 25/27 MP: 1/1
   133 | D:1      | Reached skill level 4 in Fighting
   402 | D:1      | Reached XP level 3. HP: 32/34 MP: 2/2
  1554 | D:3      | Reached XP level 4. HP: 38/41 MP: 3/3
  1676 | D:3      | Found a faded altar of an unknown god.
  1974 | D:3      | Reached skill level 5 in Fighting
  2013 | D:3      | Noticed a phantom
  2027 | D:3      | Killed a phantom
  2028 | D:3      | Reached XP level 5. HP: 39/49 MP: 4/4
  2371 | D:4      | Noticed a phantom
  2486 | D:4      | Found a shimmering blue altar of Sif Muna.
  2498 | D:4      | Reached skill level 5 in Axes
  2550 | D:4      | Noticed Duvessa
  2575 | D:4      | Noticed Dowan
  2585 | D:4      | Killed Dowan
  2586 | D:4      | Reached skill level 6 in Fighting
  2597 | D:4      | Reached XP level 6. HP: 20/57 MP: 0/5
  2602 | D:4      | Slain by a phantom

Illustrated notes

Levels and vault maps discovered:
D:1:      psy_arrival_terrarium, layout_rooms, serial_shops, shop_fountains
D:2:      wander_river, layout_rooms
D:3:      minmay_skewed_foursquare, layout_basic,
          shapermc_ecumenical_altar_hornbeckon
D:4:      layout_layer_cave, general_overflow_altar,
          nicolae_tso_swordbearing_angel, serial_shops, shop, uniq_duvessa

Skill      XL: |  1  2  3  4  5 |
---------------+----------------+-----
Fighting       | 4 5 6 |  6.2
Axes           | 3 4 5 |  5.5
Armour         | |  3.7
Shields        | |  3.7

Action                   |  1- 3 |  4- 6 || total
-------------------------+-------+-------++-------
Melee: War axe           |    99 |    58 ||   157
       Headbutt          |     8 |    13 ||    21
Armor: Scale mail        |    52 |    39 ||    91
Dodge: Dodged            |    61 |    43 ||   104
Block: Buckler           |    19 |    26 ||    45
